 Dungeon Sprint DCSS version 0.19-a0-1714-gcab94ab (webtiles) character file.

188 Theye the Carver (level 5, -4/50 HPs)
             Began as a Naga Gladiator on Sept 28, 2016.
             Was an Initiate of Cheibriados.
             Slain by a hill giant
             ... wielding a +0 giant club
              (32 damage)
             ... in the Dungeon (Sprint IX: "|||||||||||||||||||||||||||||").
             The game lasted 00:00:51 (225 turns).

Theye the Carver (Naga Gladiator)                    Turns: 225, Time: 00:00:52

Health: -4/50      AC:  9    Str: 18    XL:     5   Next: 67%
Magic:  1/7        EV: 14    Int:  9    God:    Cheibriados [......]
Gold:   0          SH:  0    Dex: 14    Spells: 0 memorised, 4 levels left

rFire  . . .     SeeInvis +     o - +2 scimitar (holy)
rCold  . . .     Gourm    .     q - +1 scale mail
rNeg   . . .     Faith    .     (no shield)
rPois  +         Spirit   .     c - +0 helmet
rElec  .         Dismiss  .     (no cloak)
rCorr  .         Reflect  .     p - +0 pair of gloves
MR     .....     Harm     .     (no barding)
Stlth  .......... NoTele   +    (no amulet)
                                r - +2 ring of evasion
                                s - +2 ring of evasion

@: very slightly contaminated, invisible, very slow
A: see invisible, deformed body, poison resistance, slowness 2, slow metabolism
1, spit poison 1, AC +1
a: Spit Poison, Bend Time, Renounce Religion


You were in the Dungeon.
You worshipped Cheibriados.
Cheibriados was noncommittal.
You were not hungry.

You visited 1 branch

Inventory:

Hand Weapons
 a - a +0 long sword
 o - a +2 scimitar of holy wrath (weapon)
Missiles
 d - 3 throwing nets (quivered)
Armour
 b - a +0 leather armour
 c - a +0 helmet (worn)
 p - a +0 pair of gloves (worn)
 q - a +1 scale mail (worn)
Jewellery
 r - a +2 ring of evasion (right hand)
 s - a +2 ring of evasion (left hand)
Wands
 n - a wand of iceblast (7/15)
Scrolls
 k - 2 scrolls of blinking
 l - 3 scrolls of remove curse
 m - 2 scrolls of amnesia
Potions
 e - 5 potions of curing
 h - a potion of haste
 i - 4 potions of magic
Comestibles
 f - a bread ration


   Skills:
 + Level 3.7 Fighting
 * Level 9.2 Long Blades
 - Level 1.7 Throwing
 + Level 1.2 Armour
 + Level 5.0 Dodging
 * Level 2.8 Invocations


You had 4 spell levels left.
You didn't know any spells.

Dungeon Overview and Level Annotations

Branches:
Dungeon (1/1)

Altars:
Cheibriados
Dithmenos
Elyvilon
Fedhas
Gozag
Hepliaklqana
Kikubaaqudgha
Makhleb
Nemelex Xobeh
Okawaru
Qazlal
Ru
Sif Muna
Trog
Uskayaw
Vehumet
Xom
Yredelemnul
Zin
The Shining One
Beogh
Jiyva
Lugonu


Innate Abilities, Weirdness & Mutations

You cannot wear boots.
Your serpentine skin is tough. (AC +1)
You have supernaturally acute eyesight. (SInv)
Armour fits poorly on your strangely shaped body.
Your system is resistant to poisons. (rPois)
You cover ground very slowly.
You have a slow metabolism.
You can spit poison.


Message History

The hill giant is moderately wounded.
Unknown command.
Unknown command.
You feel much better. The hill giant barely misses you.
You hit the hill giant.
The hill giant is heavily wounded.
The hill giant misses you.
You hit the hill giant.
The hill giant is heavily wounded.
The hill giant closely misses you.
You slash the hill giant!
The hill giant is severely wounded.
You hit the hill giant.
The hill giant is severely wounded.
The hill giant completely misses you.
You slash the hill giant!
The hill giant is almost dead.
The hill giant hits you with a giant club!!
Ouch! That really hurt!
You die... ▓▓▓▓▓▓▓▓▓▓▓▓▓▓▓▓▓▓▓▓▓▓▓▓ ..nr5SC@..[.)|..'.______ ▓▓▓▓▓▓▓▓▓▓▓▓▓▓▓▓▓▓▓▓▓▓▓▓

You could see a hill giant, a necrophage, a crimson imp, an adder and a quokka.

Vanquished Creatures
  An eye of draining (D)
  2 hounds (D)
  An orc wizard (D)
  An adder (D)
  An orc (D)
  A ball python (D)
  2 giant cockroaches (D)
  A frilled lizard (D)
  A rat (D)
11 creatures vanquished.

Notes
Turn   | Place    | Note
-------+----------+-------------------------------------------
     0 | D        | Theye the Naga Gladiator began the quest for the Orb.
     0 | D        | Reached XP level 1. HP: 19/19 MP: 1/1
    11 | D        | Reached skill level 4 in Long Blades
    35 | D        | Noticed a hound
    35 | D        | Noticed an orc wizard
    35 | D        | Noticed a hound
    38 | D        | Killed a hound
    38 | D        | Reached skill level 6 in Long Blades
    38 | D        | Reached XP level 2. HP: 27/27 MP: 2/2
    38 | D        | Reached XP level 3. HP: 33/33 MP: 3/3
    46 | D        | Reached skill level 7 in Long Blades
    46 | D        | Reached XP level 4. HP: 42/42 MP: 4/4
   120 | D        | Found a roughly hewn altar of Beogh.
   120 | D        | Found a snail-covered altar of Cheibriados.
   120 | D        | Found a shadowy altar of Dithmenos.
   120 | D        | Found a white marble altar of Elyvilon.
   120 | D        | Found a blossoming altar of Fedhas.
   120 | D        | Found an opulent altar of Gozag.
   121 | D        | Found a hazy altar of Hepliaklqana.
   122 | D        | Found a viscous altar of Jiyva.
   123 | D        | Found an ancient bone altar of Kikubaaqudgha.
   124 | D        | Became a worshipper of Cheibriados the Contemplative
   125 | D        | Found a corrupted altar of Lugonu.
   126 | D        | Found a burning altar of Makhleb.
   127 | D        | Found a sparkling altar of Nemelex Xobeh.
   128 | D        | Found an iron altar of Okawaru.
   147 | D        | Found a stormy altar of Qazlal.
   148 | D        | Found a sacrificial altar of Ru.
   149 | D        | Found a deep blue altar of Sif Muna.
   150 | D        | Found a bloodstained altar of Trog.
   151 | D        | Found a hide-covered altar of Uskayaw.
   152 | D        | Found a radiant altar of Vehumet.
   153 | D        | Found a shimmering altar of Xom.
   154 | D        | Found a basalt altar of Yredelemnul.
   155 | D        | Found a glowing silver altar of Zin.
   156 | D        | Found a glowing golden altar of the Shining One.
   202 | D        | Noticed a hill giant
   202 | D        | Noticed a necrophage
   202 | D        | Noticed an eye of draining
   210 | D        | Killed an eye of draining
   210 | D        | Reached skill level 9 in Long Blades
   210 | D        | Reached skill level 1 in Armour
   210 | D        | Reached skill level 5 in Dodging
   210 | D        | Reached XP level 5. HP: 50/50 MP: 0/7
   225 | D        | Slain by a hill giant

Vault maps used:
D:        linesprint

Skill      XL: |  1  2  3  4 |
---------------+-------------+-----
Long Blades    | 6 7 9 |  9.2
Dodging        | 3 4 5 |  5.0
Fighting       | 3 |  3.7
Armour         | 1 |  1.2
Invocations    | 2 |  2.8
Throwing       | |  1.7

Action                   |  1- 3 |  4- 6 || total
-------------------------+-------+-------++-------
Melee: Long sword        |    18 |     4 ||    22
       Scimitar          |       |    19 ||    19
  Use: Potion            |     1 |     4 ||     5
 Stab: Invisible         |       |     3 ||     3
Armor: Leather armour    |     1 |     1 ||     2
       Scale mail        |       |     1 ||     1
Dodge: Dodged            |    11 |     7 ||    18
